 Dungeon Crawl Stone Soup version 0.26.0-10-g1f06aea511 (webtiles) character file.

Game seed: 6654508482813249602

243 Dracia the Ruffian (level 5, 41/41 HPs)
             Began as a Demonspawn Abyssal Knight on Jan 16, 2021.
             Was a Priest of Lugonu.
             Quit the game on level 3 of the Dungeon.
             The game lasted 00:06:11 (3902 turns).

Dracia the Ruffian (Demonspawn Abyssal Knight)      Turns: 3902, Time: 00:06:12

Health: 41/41      AC:  7    Str: 13    XL:     5   Next: 82%
Magic:  7/7        EV:  9    Int: 14    God:    Lugonu [***...]
Gold:   251        SH:  0    Dex: 12    Spells: 4/4 levels left

rFire    . . .     SeeInvis .     - Unarmed
rCold    + . .     Faith    .   (no shield)
rNeg     . . .     Spirit   .   h - +1 scale mail
rPois    .         Reflect  .   (helmet restricted)
rElec    .         Harm     .   (no cloak)
rCorr    .         Rampage  .   (no gloves)
Will     .....                  (no boots)
Stlth    ..........             (no amulet)
HPRegen  0.13/turn              (no ring)
MPRegen  0.10/turn              (no ring)

@: no status effects
A: antennae 2, claws 1, cold resistance 1
a: Renounce Religion, Depart the Abyss, Bend Space, Banish


You were on level 3 of the Dungeon.
You worshipped Lugonu.
Lugonu was most pleased with you.
You visited 1 branch of the dungeon, and saw 4 of its levels.
You visited the Abyss 1 time.

You collected 251 gold pieces.


Innate Abilities, Weirdness & Mutations

You have a pair of antennae on your head.
You have sharp fingernails.
Your flesh is cold resistant. (rC+)


   Skills:
 - Level 3.0 Fighting
 - Level 2.5 Polearms
 - Level 1.7 Armour
 - Level 0.8 Dodging
 * Level 4.3 Unarmed Combat
 + Level 3.8 Invocations


You had 4 spell levels left.
You didn't know any spells.
Your spell library contained the following spells:

 Spells                   Type           Power        Failure   Level
 Corona                   Hex            0%           80%         1
 Ensorcelled Hibernation  Hex/Ice        0%           90%         2
 Confusing Touch          Hex            0%           99%         3
 Dazzling Flash           Conj/Hex       0%           99%         3
 Tukima's Dance           Hex            0%           99%         3

Inventory:

Missiles
 e - 32 poisoned darts (quivered)
Armour
 b - a +0 leather armour
 g - a +0 ring mail
 h - a +1 scale mail (worn)
 i - a +0 cloak
Jewellery
 v - an uncursed ring of see invisible
Wands
 p - a wand of enslavement (10)
Scrolls
 a - 2 scrolls of teleportation {@r4@r4}
 d - a scroll of fear {unknown}
 m - a scroll of amnesia {unknown}
Potions
 c - 2 potions of curing {@q1@q1}
 f - 2 potions of haste {unknown}
 j - a potion of mutation {unknown}
 k - a potion of might
 l - a potion of brilliance {unknown}
 n - a potion of cancellation
 o - a potion of magic

Dungeon Overview and Level Annotations

Branches:
Dungeon (4/15)
 Temple: D:4-7

Altars:
Ashenzari
Nemelex Xobeh
Vehumet
Wu Jian
The Shining One

....# #.# #... #.###
#.# ###...
...########.# ......
.........##.# ## #.....
...#####.##.# .. .##...
..## #.##.# o# #... ..#
##.##.# .# #... ..#
##...#.#####.##.# ####
..####..........@....#
#
#.รท...............####
# ######.....######## #
# ##...## # ########.##
.........# ########## #


You could see an orc.


Message History

You add the spells Corona, Ensorcelled Hibernation, Confusing Touch, Tukima's Dance and Dazzling Flash to your library.
A kobold comes into view.
The kobold shouts!
The kobold throws a stone.
The stone hits you.
You see here a stone.
The kobold throws a stone.
The stone hits you but does no damage.
You see here a stone.
The kobold throws a stone.
The stone hits you but does no damage.
You see here a stone.
The kobold throws a stone.
The stone hits you but does no damage.
You see here a stone.
The kobold hits you but does no damage.
You scratch the kobold but do no damage.
The kobold barely misses you.
You scratch the kobold.
You kill the kobold!
Lugonu accepts your kill.
No target in view!
Found 13 gold pieces.
You now have 251 gold pieces (gained 13).
You see here a stone.
You see here a stone.
You see here a stone.
You see here a stone.
Key pressed, stopping explore.
You sense a monster nearby.
An orc comes into view. It is wielding a +0 mace.
The orc shouts!
An orc is nearby!
Are you sure you want to abandon this character and quit the game? (Confirm with "yes".)

Skill      XL: |  1  2  3  4  5 |
---------------+----------------+-----
Polearms       | 2 |  2.5
Unarmed Combat | 1 2 3 4 |  4.3
Invocations    | 3 |  3.8
Fighting       | |  3.0
Armour         | |  1.7
Dodging        | |  0.8

Action                   |  1- 3 |  4- 6 || total
-------------------------+-------+-------++-------
Melee: Spear             |    21 |       ||    21
       Unarmed           |   174 |   129 ||   303
       Punch             |     2 |     1 ||     3
  Use: Scroll            |       |     9 ||     9
       Potion            |       |     1 ||     1
Armor: Leather armour    |    52 |       ||    52
       Scale mail        |    53 |    64 ||   117
       Ring mail         |     6 |       ||     6
       Skin              |       |    19 ||    19
Dodge: Dodged            |   171 |    54 ||   225

Levels and vault maps discovered:
D:1:      sevenhm_arrival_forest_fort_small_3, layout_basic
D:2:      layout_loops_ring, lemuel_crystal_altar, nzn_wu_jian_contemplation,
          minmay_misc_feat_x, kennysheep_generic_room_16
D:3:      minmay_skewed_foursquare, layout_loops_ring, general_overflow_altar,
          cheibrodos_ashenzari_chains, lemuel_coloured_pillars_altar,
          minmay_pentomino_pile
D:4:      layout_rooms

Notes
Turn   | Place    | Note
-------+----------+-------------------------------------------
     0 | Abyss:1  | Dracia the Demonspawn Abyssal Knight began the quest for
                  | the Orb.
     0 | Abyss:1  | Reached XP level 1. HP: 18/18 MP: 2/2
    10 | D:1      | You pass through the gate.
    10 | D:1      | Escaped the Abyss
    92 | D:1      | Reached skill level 2 in Polearms
   190 | D:1      | You feel monstrous as your demonic heritage exerts itself.
   190 | D:1      | Gained mutation: You have sharp fingernails. [demonic
                  | ancestry]
   190 | D:1      | Reached XP level 2. HP: 19/24 MP: 3/3
   504 | D:1      | Reached skill level 1 in Unarmed Combat
   571 | D:1      | Reached ** piety under Lugonu
   636 | D:1      | Gained mutation: You have a pair of small antennae on your
                  | head. [demonic ancestry]
   636 | D:1      | Reached XP level 3. HP: 21/29 MP: 4/4
   874 | D:1      | Reached skill level 2 in Unarmed Combat
  1904 | D:2      | Gained mutation: You have a pair of antennae on your head.
                  | [demonic ancestry]
  1904 | D:2      | Reached XP level 4. HP: 26/35 MP: 5/5
  1910 | D:2      | Reached skill level 3 in Unarmed Combat
  2019 | D:2      | Found a radiant altar of Vehumet.
  2604 | D:2      | Found an ornate altar of the Wu Jian Council.
  2633 | D:2      | You fall into a shaft and drop 2 floors!
  2866 | D:3      | Found a sparkling altar of Nemelex Xobeh.
  2921 | D:3      | Reached skill level 3 in Invocations
  2921 | D:3      | Gained mutation: Your flesh is cold resistant. (rC+)
                  | [demonic ancestry]
  2921 | D:3      | Reached XP level 5. HP: 41/41 MP: 7/7
  2925 | D:3      | Reached *** piety under Lugonu
  2926 | D:3      | Reached skill level 4 in Unarmed Combat
  2950 | D:3      | HP: 4/41 [gnoll/cursed -3 spear (6)]
  3396 | D:3      | Found a glowing golden altar of the Shining One.
  3799 | D:3      | Found a broken altar of Ashenzari.
  3902 | D:3      | Quit the game

Vanquished Creatures
  A hound (D:4)
  A gnoll shaman (D:3)
  5 gnolls (D:3)
  5 adders
  2 worms (D:2)
  A dart slug (D:1)
  2 leopard geckos
  3 ball pythons (D:1)
  5 giant cockroaches
  8 goblins
  5 hobgoblins
  15 jackals
  9 bats
  5 frilled lizards
  9 kobolds
  7 rats
83 creatures vanquished.

Table legend: (Time is in decaauts)
 A = Elapsed time spent in this place.
 B = Non-inter-level travel time spent in this place.
 C = Inter-level travel time spent in this place.
 D = Time resting spent in this place.
 E = Time spent auto-exploring this place.
 F = Levels seen in this place.
 G = Mean time per level.
                   A        B        C        D        E       F      G
               +--------+--------+--------+--------+--------+-----+--------+
         Total |   3888 |   3803 |     85 |    712 |   2492 |   5 |  777.6 |
       Dungeon |   3878 |   3793 |     85 |    712 |   2488 |   4 |  969.5 |
         Abyss |     10 |     10 |      0 |      0 |      4 |   1 |   10.0 |
               +--------+--------+--------+--------+--------+-----+--------+

Top non-repeatable levels by time:
     D:1: 1499 daAuts
     D:2: 1191 daAuts
     D:3: 1116 daAuts
     D:4: 72 daAuts
 Abyss:1: 10 daAuts

Table legend:
 A = Non-vault XP
 B = Vault XP
 C = Vault XP percentage of total XP
 D = Non-vault monster count
 E = Vault monster count
 F = Vault count percentage of total count
                 A         B        C        D         E       F
            +---------+---------+-------+---------+---------+-------
      Total |     315 |      33 |   9.5 |      77 |       6 |   7.2
            +---------+---------+-------+---------+---------+-------
        D:1 |      67 |       0 |   0.0 |      37 |       0 |   0.0
        D:2 |      77 |       2 |   2.5 |      23 |       1 |   4.2
        D:3 |     128 |      31 |  19.5 |      16 |       5 |  23.8
        D:4 |      43 |       0 |   0.0 |       1 |       0 |   0.0
            +---------+---------+-------+---------+---------+-------
